 Dungeon Crawl Stone Soup version 0.31-a0-691-g409c26aa35 (webtiles) character file.

Game seed: 3713166754061812514

112 qw the Shooter (level 4, -5/28 HPs)
             Began as a Gargoyle Hunter on Sept 6, 2023.
             Slain by an iguana (9 damage)
             ... on level 4 of the Dungeon.
             The game lasted 00:00:47 (2561 turns).

qw the Shooter (Gargoyle Hunter)                    Turns: 2561, Time: 00:00:48

Health: -5/28      AC:  8    Str: 14    XL:     4   Next: 93%
Magic:  4/4        EV: 10    Int: 10    God:
Gold:   117        SH:  0    Dex: 15    Spells: 3/3 levels left

rFire   . . .        Y - +0 shortbow
rCold   . . .        (shield currently unavailable)
rNeg    + . .        e - +0 ring mail
rPois   inf          (no helmet)
rElec   +            (no cloak)
rCorr   .            (no gloves)
SInv    .            (no boots)
Will    .....        (no amulet)
Stlth   +            (no ring)
HPRegen 0.24/turn    (no ring)
MPRegen 0.09/turn

%: no passive effects
@: about to teleport
A: sickness immunity, AC +3, negative energy resistance 1, electricity
resistance, torment resistance 1, petrification resistance
a: no special abilities


You were on level 4 of the Dungeon.
You visited 1 branch of the dungeon, and saw 4 of its levels.

You collected 117 gold pieces.


Innate Abilities, Weirdness & Mutations

You are immune to sickness and miasma.
Your stone body is resilient. (AC +3)
You are immune to poison.
You resist negative energy. (rN+)
You are resistant to electric shocks. (rElec)
You are resistant to unholy torment.
You are immune to petrification.


   Skills:
 - Level 3.0 Fighting
 + Level 5.6 Ranged Weapons
 - Level 1.0 Armour
 - Level 1.5 Dodging
 - Level 1.1 Stealth


You had 3 spell levels left.
You didn't know any spells.
Your spell library was empty.

Inventory:

Hand Weapons
 Y - a +0 shortbow (weapon)
Armour
 e - a +0 ring mail (worn)
Scrolls
 a - a scroll of identify
 b - a scroll of teleportation
Potions
 f - a potion of might
 g - a potion of curing {unknown}
 h - a potion of ambrosia {unknown}
 i - a potion of attraction {unknown}

Dungeon Overview and Level Annotations

Branches:
Dungeon (4/15)
 Temple: D:4-7

Altars:
Nemelex Xobeh


Message History

A nearby plant withers and dies.
The quokka bites the plant.
The plant begins to die.
The quokka splashes around in the water.
You shoot an arrow. The arrow hits the quokka!
You kill the quokka!
A nearby plant withers and dies.
You enter the shallow water.
Moving in this stuff is going to be slow.
You enter the shallow water.
Moving in this stuff is going to be slow.
You enter the shallow water.
Moving in this stuff is going to be slow.
An iguana comes into view.
Enter note: The iguana hisses angrily.
You hear a shout!
You shoot an arrow. The arrow hits the iguana.
The iguana is lightly wounded.
You shoot an arrow. The arrow hits the iguana.
The iguana is moderately wounded.
You shoot an arrow. The arrow closely misses the iguana.
You shoot an arrow. The arrow closely misses the iguana.
The iguana bites you!
You shoot an arrow. The arrow barely misses the iguana.
The iguana bites you! The iguana barely misses you.
You shoot an arrow. The arrow hits the iguana!
The iguana is almost dead.
The iguana bites you.
You shoot an arrow.
The arrow hits the iguana but does no damage.
The iguana is severely wounded.
The iguana bites you.
2560 ||| READING 2 scrolls of teleportation.
As you read the scroll of teleportation, it crumbles to dust.
You feel strangely unstable. The iguana barely misses you.
You shoot an arrow.
The arrow hits the iguana but does no damage.
The iguana is severely wounded.
The iguana bites you!
You die...

####.# ###.... #~7...#
~~...# 77~..~7##
77~~.~~~~#..
77P~~..P~P~~~
7~PP.@l~~~~~~
7~PP..~~~~~~~
7~~~...~~PP~~
77~~...~~~~~~
7~~...~~~P~~P7
7~~~...P~~~~~~.
7~~P...~~~~~~.......#
#7~...~~~~~~........##
#7...~~~~~~..........


You could see an iguana.

Vanquished Creatures
  A jelly (D:4)
  2 adders
  2 worms (D:2)
  2 dart slugs (D:1)
  3 orcs (D:3)
  4 endoplasms
  3 giant cockroaches
  5 goblins
  3 hobgoblins
  4 kobolds
  3 quokkas
  9 ball pythons
  6 bats
  2 rats (D:1)
49 creatures vanquished.

Notes
Turn   | Place    | Note
-------+----------+-------------------------------------------
     0 | D:1      | qw the Gargoyle Hunter began the quest for the Orb.
     0 | D:1      | Reached XP level 1. HP: 12/12 MP: 1/1
     0 | D:1      | 0 ||| qw: Version: 0.3-a-76-g4403597
     0 | D:1      | 0 ||| qw: Game counter: 41
     0 | D:1      | 0 ||| qw: Melee chars always use a shield: true
     0 | D:1      | 0 ||| qw: God list: Okawaru
     0 | D:1      | 0 ||| qw: Allow faded altars: false
     0 | D:1      | 0 ||| qw: Do Orc after clearing Dungeon:15 true
     0 | D:1      | 0 ||| qw: Do second Lair branch before Depths: true
     0 | D:1      | 0 ||| qw: Lair rune preference: random
     0 | D:1      | 0 ||| qw: Goals: Normal
     0 | D:1      | 0 ||| PLANNING D:1-11
   225 | D:1      | Reached XP level 2. HP: 17/17 MP: 2/2
   477 | D:1      | Found a faded altar of an unknown god.
   642 | D:1      | 642 ||| UPGRADING to +0 ring mail.
   652 | D:1      | 652 ||| DROPPING +0 leather armour.
   653 | D:1      | 653 ||| READING 2 scrolls labelled RODATE PAMAEN.
   654 | D:1      | 654 ||| DRINKING 2 yellow potions.
   680 | D:1      | 680 ||| DROPPING scroll of butterflies.
   681 | D:1      | 681 ||| DROPPING potion of lignification.
   805 | D:2      | Reached XP level 3. HP: 11/21 MP: 3/3
   864 | D:2      | Reached skill level 1 in Armour
  1105 | D:2      | Reached skill level 5 in Ranged Weapons
  1173 | D:2      | Found a sparkling altar of Nemelex Xobeh.
  1444 | D:2      | 1444 ||| READING 3 scrolls labelled LEUMMI IMUO.
  1447 | D:2      | 1447 ||| READING 3 scrolls labelled TEFFE IVVA.
  1448 | D:2      | 1448 ||| DROPPING 2 scrolls of noise.
  1853 | D:3      | Reached XP level 4. HP: 27/27 MP: 4/4
  1858 | D:3      | Reached skill level 3 in Fighting
  2415 | D:3      | 2415 ||| READING scroll labelled RUG GANUTWOPN.
  2433 | D:3      | 2433 ||| DRINKING 2 grey potions.
  2434 | D:3      | 2434 ||| READING 2 scrolls of identify.
  2434 | D:3      | 2434 ||| IDENTIFYING black potion
  2435 | D:3      | 2435 ||| DROPPING potion of degeneration.
  2559 | D:4      | HP: 4/28 [iguana (6)]
  2560 | D:4      | 2560 ||| READING 2 scrolls of teleportation.
  2561 | D:4      | Slain by an iguana

Levels and vault maps discovered:
D:1:      dpeg_arrival_chambers_temple_mockup, layout_loops_ring,
          shapermc_ecumenical_altar_rom_forum
D:2:      layout_basic, basic_altar
D:3:      layout_basic, kennysheep_minor_cross
D:4:      layout_cave_pools, marbit_many_paths,
          mainiacjoe_overflow_divided_tiny, serial_bayou_ford_a,
          nicolae_houndstooth_variations, uniq_menkaure, uniq_natasha,
          uniq_pikel

Skill      XL: |  1  2  3  4 |
---------------+-------------+-----
Armour         | 1 |  1.0
Ranged Weapons | 5 |  5.6
Fighting       | 3 |  3.0
Dodging        | |  1.5
Stealth        | |  1.1

Action                     |  1- 3 |  4- 6 || total
---------------------------+-------+-------++-------
   Fire: Shortbow          |   123 |    52 ||   175
    Use: Scroll            |     3 |     3 ||     6
         Potion            |     1 |     1 ||     2
 Armour: Leather armour    |    20 |       ||    20
         Ring mail         |    18 |    37 ||    55
  Dodge: Dodged            |    20 |    24 ||    44

Table legend:
 A = Non-vault XP
 B = Vault XP
 C = Vault XP percentage of total XP
 D = Non-vault monster count
 E = Vault monster count
 F = Vault count percentage of total count
                 A         B        C        D         E       F
            +---------+---------+-------+---------+---------+-------
      Total |     160 |       0 |   0.0 |      49 |       0 |   0.0
            +---------+---------+-------+---------+---------+-------
        D:1 |      29 |       0 |   0.0 |      16 |       0 |   0.0
        D:2 |      27 |       0 |   0.0 |      12 |       0 |   0.0
        D:3 |      44 |       0 |   0.0 |      18 |       0 |   0.0
        D:4 |      60 |       0 |   0.0 |       3 |       0 |   0.0
            +---------+---------+-------+---------+---------+-------
